 Dungeon Crawl Stone Soup version 0.25.0-9-g26727b657a (webtiles) character file.

Game seed: 10088373665010850319

65 MisterFreud the Skirmisher (level 4, 0/31 HPs)
             Began as a Gargoyle Monk on June 18, 2020.
             Slain by an orc wizard
             ... wielding a +0 dagger
              (3 damage)
             ... on level 2 of the Dungeon.
             The game lasted 00:02:54 (2112 turns).

MisterFreud the Skirmisher (Gargoyle Monk)          Turns: 2112, Time: 00:02:54

Health: 0/31       AC:  5    Str: 16    XL:     4   Next: 14%
Magic:  4/4        EV: 12    Int: 10    God:
Gold:   59         SH:  0    Dex: 12    Spells: 3/3 levels left

rFire    . . .     SeeInvis .   a - +0 mace
rCold    . . .     Gourm    .   (no shield)
rNeg     + . .     Faith    .   b - +0 robe
rPois    ∞         Spirit   .   (no helmet)
rElec    +         Reflect  .   (no cloak)
rCorr    .         Harm     .   (no gloves)
MR       .....                  (no boots)
Stlth    ++........             (no amulet)
HPRegen  0.10/turn              (no ring)
MPRegen  0.09/turn              (no ring)

@: brilliant
A: negative energy resistance 1, electricity resistance, unbreathing,
petrification resistance, rot immunity, AC +3
a: no special abilities


You were on level 2 of the Dungeon.
You were not hungry.

You visited 1 branch of the dungeon, and saw 2 of its levels.

You collected 59 gold pieces.

Inventory:

Hand Weapons
 a - a +0 mace (weapon)
Missiles
 d - 6 poisoned darts (quivered)
Armour
 b - a +0 robe (worn)
Scrolls
 e - a scroll of random uselessness {unknown}
 f - 4 scrolls of immolation {unknown}
 h - a scroll of blinking {unknown}
 i - 6 scrolls of identify {unknown}
 m - a scroll of amnesia {unknown}
Potions
 g - a potion of brilliance
 j - a potion of lignification {unknown}
 l - a potion of cancellation {unknown}
 n - a potion of might {unknown}
Comestibles
 c - 7 rations
 k - 4 chunks of flesh


   Skills:
 - Level 5.0 Fighting
 + Level 3.5 Maces & Flails
 - Level 2.4 Dodging
 - Level 2.1 Stealth


You had 3 spell levels left.
You didn't know any spells.
Your spell library was empty.

Dungeon Overview and Level Annotations

Branches:
Dungeon (2/15)

Altars:


Innate Abilities, Weirdness & Mutations

You are resistant to torment.
Your stone body is resilient. (AC +3)
You are immune to poison.
You resist negative energy. (rN+)
You are resistant to electric shocks. (rElec)
You can survive without breathing.
You are immune to petrification.
You are immune to rotting.


Message History

The orc priest is too close now for your liking.
The orc priest mumbles some strange prayers to Beogh against you.
Beogh smites you!
* * * LOW HITPOINT WARNING * * *
You hear a shout!
You hit the orc priest.
The orc priest is heavily wounded.
The orc priest misses you.
You barely miss the orc priest.
The orc priest is heavily wounded.
The orc priest completely misses you.
Unknown command.
You hit the orc priest.
The orc priest is severely wounded.
Something hits you but does no damage. The orc priest completely misses you.
Something hits you but does no damage.
It was a potion of brilliance.
You feel clever all of a sudden. The orc priest closely misses you.
Something hits you.
You die...

###..### #≈.≈≈ #......#
#..≈≈ #......###### #..≈≈
###...≈.......# #≈.≈≈
###.)....≈......# #≈≈≈≈
####........≈......# #≈≈≈≈
#...........≈......###.≈≈≈
######.....###.........≈.≈
##..@..............≈≈
#.o###........)...≈≈
##.####..........#≈≈
#..####.##......#≈≈
#...##..##......##≈
##.....###......###
#o....###......#..
##.#...#..>[......
#........†.....##


You could see an orc priest (poisoned).

Vanquished Creatures
  An adder (D:2)
  2 oozes
  A worm (D:2)
  2 dart slugs (D:2)
  4 bats
  2 giant cockroaches (D:2)
  4 goblins
  6 hobgoblins
  3 jackals (D:2)
  7 kobolds
  A frilled lizard (D:1)
  6 rats
39 creatures vanquished.

Notes
Turn   | Place    | Note
-------+----------+-------------------------------------------
     0 | D:1      | MisterFreud the Gargoyle Monk began the quest for the Orb.
     0 | D:1      | Reached XP level 1. HP: 14/14 MP: 1/1
    92 | D:1      | Reached XP level 2. HP: 20/20 MP: 2/2
   163 | D:1      | You fall into a shaft and drop 1 floor!
   208 | D:2      | Reached skill level 4 in Fighting
   259 | D:1      | You fall into a shaft and drop 1 floor!
   483 | D:1      | Reached XP level 3. HP: 18/24 MP: 3/3
  1355 | D:2      | Reached skill level 5 in Fighting
  1479 | D:2      | Reached XP level 4. HP: 29/31 MP: 4/4
  2112 | D:2      | Slain by an orc wizard

Illustrated notes

Levels and vault maps discovered:
D:1:      heliophobic_arrival_battle_scene, layout_loops_ring, kennysheep_boxes
D:2:      layout_rooms, serial_rivers, chequers_serial_rivers_small_3,
          chequers_serial_rivers_small_3, chequers_serial_rivers_room_a,
          chequers_serial_rivers_small_a, chequers_serial_rivers_micro_c,
          first_ration, chequers_ecumenical_altar_island, minivault_23

Skill      XL: |  1  2  3 |
---------------+----------+-----
Fighting       | 4 5 |  5.0
Maces & Flails | |  3.5
Dodging        | |  2.4
Stealth        | |  2.1

Action                   |  1- 3 |  4- 6 || total
-------------------------+-------+-------++-------
Melee: Mace              |   106 |    28 ||   134
Throw: Dart              |     9 |     4 ||    13
  Use: Potion            |       |     1 ||     1
 Stab: Sleeping          |     3 |     1 ||     4
  Eat: Chunk             |     2 |     2 ||     4
Armor: Robe              |    36 |    14 ||    50
Dodge: Dodged            |    58 |    28 ||    86
